 Dungeon Crawl Stone Soup version 0.28.0-49-g6dfe1f597d (webtiles) character file.

Game seed: 10584605074112526327

37 NinjaNoafa the Magician (level 3, -2/25 HPs)
             Began as a Djinni Ice Elementalist on May 11, 2022.
             Killed from afar by Natasha (7 damage)
             ... with a magic dart
             ... on level 2 of the Dungeon.
             The game lasted 00:03:48 (1966 turns).

NinjaNoafa the Magician (Djinni Ice Elementalist)   Turns: 1966, Time: 00:03:49

Health: -2/25      AC:  3    Str:  7    XL:     3   Next: 60%
Gold:   36         EV: 10    Int: 18    God:
                   SH:  7    Dex: 13

rFire   + + .      SeeInvis .   e - +0 dagger
rCold   x . .      Faith    .   i - +0 kite shield
rNeg    . . .      Spirit   .   a - +0 robe
rPois   ∞          Reflect  .   c - +0 helmet
rElec   .          Harm     .   (no cloak)
rCorr   .          Rampage  .   (no gloves)
Will    .....                   (boots unavailable)
Stlth   ++........              (no amulet)
HPRegen 0.08/turn               (no ring)
MPRegen 0.00/turn               (no ring)

@: flying, slowed, very slow
A: sickness immunity, fire resistance 2, cold vulnerability 1, float, innate
caster, HP casting, extra vitality 1
a: no special abilities


You were on level 2 of the Dungeon.
You visited 1 branch of the dungeon, and saw 2 of its levels.

You collected 36 gold pieces.

Inventory:

Hand Weapons
 e - a +0 dagger (weapon)
Missiles
 h - 34 stones
Armour
 a - a +0 robe (worn)
 c - a +0 helmet (worn)
 i - a +0 kite shield (worn)
Scrolls
 d - a scroll of identify {unknown}
 g - a scroll of amnesia {unknown}
Potions
 b - a potion of curing {unknown}
 f - 2 potions of attraction {unknown}


   Skills:
 - Level 2.1 Dodging
 - Level 1.5 Stealth
 + Level 0.1 Shields
 - Level 4.1 Spellcasting


You couldn't memorise any spells.
You knew the following spells:

 Your Spells              Type           Power      Damage    Failure   Level
a - Freeze                Ice            72%        1d9       10%         1
b - Frozen Ramparts       Ice            36%        1d5       28%         3
c - Ozocubu's Armour      Ice            18%        N/A       28%         3
d - Hailstorm             Conj/Ice       18%        3d6       67%         4
e - Shock                 Conj/Air       72%        1d7       10%         1
Your spell library was empty.

Dungeon Overview and Level Annotations

Branches:
Dungeon (2/15)

Altars:

Annotations:
D:2 Natasha


Innate Abilities, Weirdness & Mutations

You are immune to sickness and miasma.
You are immune to poison.
Your flesh is very heat resistant. (rF++)
You are vulnerable to cold. (rC-)
You float through the air rather than walking.
You learn spells naturally, not from books.
Your magical power is your life essence.
You have superior vitality. (+4 MHP)


Message History

Done exploring.
There is a stone staircase leading down here.
You fly downwards.
There is a stone staircase leading up here.
There is a stone staircase leading up here.
An endoplasm comes into view.
The helpless endoplasm fails to defend itself.
You hit the endoplasm.
You kill the endoplasm!
Natasha, Servant of Life and Death comes into view.
Natasha is nearby!
Natasha hisses angrily.
Casting: Freeze (safe; 10% risk of failure)
Confirm with . or Enter, or press ? or * to list all spells.
Aiming: Freeze (safe; 10% risk of failure)
Press: ? - help, Shift-Dir - straight line, f - Natasha
Aim: Natasha You miscast Freeze.
You are very lightly contaminated with residual magic.
Nothing appears to happen.
Natasha claws you.
You hit Natasha.
Natasha is lightly wounded.
Natasha claws you but does no damage. Natasha claws you!
You hit Natasha but do no damage.
Natasha is lightly wounded.
Natasha claws you.
You barely miss Natasha.
Natasha is lightly wounded.
Natasha claws you.
* * * LOW HITPOINT WARNING * * *
Natasha casts a spell at you.
You feel yourself slow down.
Natasha mumbles some strange words.
Natasha glows brightly for a moment.
Natasha stares at you and mumbles some strange words.
You feel as though you will be slow longer.
Your magical contamination has completely faded away.
Natasha casts a spell at you. The magic dart hits you!
You die...

#...........#
#.#########.### #.#
#.....# #.# #.#.#.#
#.# #.#.#.#.# #.#
#.#.#.#.# #.#
#.#.#.#.# # #.#
###.#.#.#.# #.#@#
.. ..#.#.#.#
#.#.##.######.#.#.#
#.......... #.#.#.#
#.#h.#.#### #.#.#.#
#.#..# .. #..<..# #
#..# ## #######
#... #.### ...


You could see Natasha.

Vanquished Creatures
  A dart slug (D:1)
  5 endoplasms
  A giant cockroach (D:1)
  2 goblins (D:1)
  2 hobgoblins (D:1)
  6 jackals (D:1)
  2 quokkas (D:1)
  4 ball pythons (D:1)
  3 bats (D:1)
  A frilled lizard (D:1)
  A kobold (D:1)
  2 rats (D:1)
30 creatures vanquished.

Notes
Turn   | Place    | Note
-------+----------+-------------------------------------------
     0 | D:1      | NinjaNoafa the Djinni Ice Elementalist began the quest for
                  | the Orb.
     0 | D:1      | Reached XP level 1. HP: 15/15 MP: 0/0
   431 | D:1      | Reached XP level 2. HP: 20/21 MP: 0/0
  1092 | D:1      | Reached XP level 3. HP: 15/25 MP: 0/0
  1092 | D:1      | Learned a level 1 spell: Shock
  1450 | D:1      | Reached skill level 4 in Spellcasting
  1956 | D:2      | Noticed Natasha
  1966 | D:2      | Killed from afar by Natasha

Illustrated notes

Levels and vault maps discovered:
D:1:      lemuel_arrival_muddy, layout_basic
D:2:      layout_basic, ebering_ecumenical_altar_petrified, uniq_natasha,
          uniq_terence

Skill      XL: |  1  2  3 |
---------------+----------+-----
Spellcasting   | 4 |  4.1
Dodging        | |  2.1
Stealth        | |  1.5
Shields        | |  0.1

Action                   || total
-------------------------++-------
Melee: Dagger            ||    10
 Cast: Freeze            ||    41
       Shock             ||     6
 Stab: Sleeping          ||     1
Armor: Robe              ||     8
Dodge: Dodged            ||    28
